 Dungeon Crawl Stone Soup version 0.24.0-28-g17ded55e90 (webtiles) character file.

Game seed: 1468353295982719113, levelgen mode: deterministic

21 Nattfarinn the Shooter (level 2, 0/37 HPs)
             Began as a Centaur Hunter on Nov 11, 2019.
             Succumbed to an adder's poison
             ... on level 1 of the Dungeon.
             The game lasted 00:02:40 (1011 turns).

Nattfarinn the Shooter (Centaur Hunter)             Turns: 1011, Time: 00:02:41

Health: 0/37       AC: 21    Str: 11 (14) XL:     2   Next: 65%
Magic:  2/2        EV:  1    Int:  7 (10) God:
Gold:   84         SH:  0    Dex:  6 (9)  Spells: 1/1 levels left

rFire    . . .     SeeInvis .     - Unarmed
rCold    . . .     Gourm    .   (no shield)
rNeg     + + +     Faith    .   (armour currently unavailable)
rPois    +         Spirit   .   (helmet currently unavailable)
rElec    .         Reflect  .   (cloak currently unavailable)
rCorr    .         Harm     .   (gloves currently unavailable)
MR       .....     NoTele   +   (no barding)
Stlth    +.........             (no amulet)
HPRegen  0.12/turn              (no ring)
MPRegen  0.08/turn              (no ring)

@: lethally poisoned (0 -> -6), tree-form
A: large
a: no special abilities


You were on level 1 of the Dungeon.
You were not hungry.
You were a tree.
You visited 1 branch of the dungeon, and saw 2 of its levels.

You collected 84 gold pieces.

Inventory:

Hand Weapons
 a - a +1 shortbow
Missiles
 d - 72 arrows
Armour
 c - a +0 leather armour (melded)
Scrolls
 e - 2 scrolls of identify {unknown}
 h - 2 scrolls of teleportation {unknown}
 i - a scroll of magic mapping {unknown}
 k - a scroll of enchant weapon {unknown}
Comestibles
 f - 3 rations


   Skills:
 + Level 2.3 Fighting
 * Level 5.9 Bows
 - Level 1.3 Dodging
 - Level 0.4 Stealth
 + Level 1.0 Unarmed Combat


You had one spell level left.
You didn't know any spells.
Your spell library was empty.

Dungeon Overview and Level Annotations

Branches:
Dungeon (2/15)

Altars:


Innate Abilities, Weirdness & Mutations

((You have hooves in place of feet.))
((Armour fits poorly on your strangely shaped body.))
((You cover ground very quickly.))
((You have extremely tough skin. (AC +3)))


Message History

You kill the adder!
Your Unarmed Combat skill increases to level 1!
* * * LOW HITPOINT WARNING * * *
You feel sick.
You cannot move.
It was a potion of flight.
Your roots keep you in place.
* * * LOW HITPOINT WARNING * * *
You feel sick.
It was a potion of degeneration.
There was something very wrong with that liquid.
You feel weakened.
You feel dopey.
You feel clumsy.
There is a lethal amount of poison in your body!
* * * LOW HITPOINT WARNING * * *
You feel sick.
* * * LOW HITPOINT WARNING * * *
You feel sick.
Unknown command.
* * * LOW HITPOINT WARNING * * *
You feel sick.
You die...

#.......# #...##.##.##.#
#.#.###.# ######.##.##.#
#.#.# #.# ########........#
#.#.###.####.....##.###...##
#................##.##......
##......###.................
#.##...###......##.##..#...
#.##....##......##.##....##
#.###...##♣#######......###
#.......##(# ####.#.###
####.......# #......
#.##.##(##### ###.###
#.##....(...# #.##. ##
#.#####.###.##### ##.... .##
#......(# #..S..###..>..
..#### #########
#####S.....##.
♣....############ #####.....


There were no monsters in sight!

Vanquished Creatures
  An adder (D:1)
  A dart slug (D:1)
  3 bats (D:1)
  A goblin (D:1)
  A hobgoblin (D:1)
  2 kobolds (D:1)
  A rat (D:1)
10 creatures vanquished.

Notes
Turn   | Place    | Note
-------+----------+-------------------------------------------
     0 | D:1      | Nattfarinn the Centaur Hunter began the quest for the Orb.
     0 | D:1      | Reached XP level 1. HP: 17/17 MP: 1/1
   494 | D:1      | Reached XP level 2. HP: 24/24 MP: 2/2
  1004 | D:1      | Reached skill level 1 in Unarmed Combat
  1008 | D:1      | HP: 1/37 [poisoned by an adder]
  1011 | D:1      | Succumbed to an adder's poison

Levels and vault maps discovered:
D:1:      kilobyte_arrival_exit_the_forest, layout_loops_cross, minmay_tripent
D:2:      minmay_chambers_of_twos, layout_basic, serial_bayou_pond_e,
          minmay_split_cup_small, uniq_jessica

Skill      XL: |  1  2 |
---------------+-------+-----
Unarmed Combat | 1 |  1.0
Fighting       | |  2.3
Bows           | |  5.9
Dodging        | |  1.3
Stealth        | |  0.4

Action                   || total
-------------------------++-------
Melee: Unarmed           ||    39
       Kick              ||    12
 Fire: Shortbow          ||     5
  Use: Potion            ||     3
Armor: Leather armour    ||    32
Dodge: Dodged            ||    22
